 Dungeon Crawl Stone Soup version 0.30.0-29-ga12c61a403 (webtiles) character file.

Game seed: 5908660315329587540

28 ChadusMaximus the Caller (level 3, 0/36 HPs)
             Began as a Human Summoner on June 9, 2023.
             Succumbed to an adder's poison
             ... on level 2 of the Dungeon.
             The game lasted 00:01:40 (654 turns).

ChadusMaximus the Caller (Human Summoner)            Turns: 654, Time: 00:01:41

Health: 0/36       AC:  3    Str:  8    XL:     3   Next: 27%
Magic:  3/6        EV: 12    Int: 17    God:
Gold:   43         SH:  0    Dex: 13    Spells: 5/6 levels left

rFire   . . .        f - +1 mace
rCold   . . .        (no shield)
rNeg    . . .        a - +0 robe
rPois   .            (no helmet)
rElec   .            d - +0 cloak
rCorr   .            (no gloves)
SInv    .            (no boots)
Will    .....        (no amulet) Stlth
                     (no ring)
HPRegen 0.26/turn    (no ring)
MPRegen 0.10/turn

%: no passive effects
@: berserking, lethally poisoned (0 -> -3), very quick
A: no striking features
a: no special abilities


You were on level 2 of the Dungeon.
You visited 1 branch of the dungeon, and saw 2 of its levels.

You collected 43 gold pieces.

Inventory:

Hand Weapons
 c - a +0 club
 f - a +1 mace (weapon)
Armour
 a - a +0 robe (worn)
 d - a +0 cloak (worn)
Scrolls
 g - a scroll of brand weapon {unknown}
 h - a scroll of fog {unknown}
 j - a scroll of teleportation {unknown}
 k - a scroll of amnesia {unknown}
 l - a scroll of vulnerability {unknown}
Potions
 b - 2 potions of magic


   Skills:
 - Level 2.3 Dodging
 - Level 2.4 Stealth
 + Level 2.3 Spellcasting
 * Level 4.2 Summonings


You had 5 spell levels left.
You knew the following spells:

 Your Spells              Type           Power      Damage    Failure   Level
a - Summon Small Mammal   Summ           64%        N/A       3%          1

Your spell library contained the following spells:

 Spells                   Type           Power      Damage    Failure   Level
 Call Imp                 Summ           32%        N/A       4%          2
 Call Canine Familiar     Summ           16%        N/A       10%         3
 Summon Guardian Golem    Hex/Summ       9%         N/A       24%         3
 Summon Lightning Spire   Summ/Air       9%         N/A       61%         4


Dungeon Overview and Level Annotations

Branches:
Dungeon (2/15)

Altars:


Message History

The hobgoblin hits you. The hobgoblin attacks as you move away!
The hobgoblin completely misses you.
Casting: Summon Small Mammal (safe; 3% risk of failure)
Confirm with . or Enter, or press ? or * to list all spells.
The hobgoblin hits you.
* * * LOW HITPOINT WARNING * * *
Your bat barely misses the hobgoblin.
The adder bites your bat.
Your bat is poisoned.
The adder poisons your bat! The hobgoblin misses your bat.
Your rat closely misses the hobgoblin.
The hobgoblin barely misses your rat.
Your rat closely misses the hobgoblin.
Your bat completely misses the hobgoblin.
Your rat bites the hobgoblin.
The adder attacks as you move away! The adder bites you.
* * * LOW HITPOINT WARNING * * *
Your bat closely misses the hobgoblin.
Your bat hits the hobgoblin.
Your rat bites the hobgoblin.
As you read the scroll labelled UWKOSTR ASESELE, it crumbles to dust.
It is a scroll of enchant weapon.
Your +0 mace glows red for a moment.
The adder bites you.
* * * LOW HITPOINT WARNING * * *
You are lethally poisoned!
The adder poisons you!
Your bat hits the hobgoblin. The adder bites you but does no damage.
Okay, then.
You are too injured to fight recklessly!
It was a potion of berserk rage.
A red film seems to cover your vision as you go berserk!
You feel yourself moving faster!
You feel mighty!
* * * LOW HITPOINT WARNING * * *
You feel sick.
Your bat dies!
Your bat's corpse disappears in a puff of smoke!
The hobgoblin misses your rat. The adder bites you.
* * * LOW HITPOINT WARNING * * *
Your rat bites the hobgoblin.
The hobgoblin dies!
You barely miss the adder.
The adder is lightly wounded.
You die...

#.##......# .
..##.#..#.# ....
[<.##.#..#.# ....
#...##.#..#.#####....
..........#.#......#
...# #....#......#
♣##..###.##.# #
♣........>.# .#
♣♣#####.##@#+#.#
#...S§...# #....§§..#
####..r.†).#
#...#..#+#.#
#.#.#..#.#.#
#........# .
#.#......# #
#......#.# .


You could see an adder (ally target) and a friendly rat (summoned).

Vanquished Creatures
  2 endoplasms (D:1)
  A giant cockroach (D:1)
  4 goblins (D:1)
  A hobgoblin (D:2)
  A bat (D:1)
  A frilled lizard (D:1)
  A kobold (D:1)
  2 rats
13 creatures vanquished.

Vanquished Creatures (collateral kills)
  An endoplasm (D:1)
  A giant cockroach (D:1)
  A goblin (D:1)
  3 hobgoblins
  A quokka (D:1)
  2 bats (D:1)
  A kobold (D:1)
  A rat (D:1)
11 creatures vanquished.

Grand Total: 24 creatures vanquished

Notes
Turn   | Place    | Note
-------+----------+-------------------------------------------
     0 | D:1      | ChadusMaximus the Human Summoner began the quest for the
                  | Orb.
     0 | D:1      | Reached XP level 1. HP: 13/13 MP: 3/3
   126 | D:1      | Reached XP level 2. HP: 10/19 MP: 1/5
   351 | D:1      | Reached XP level 3. HP: 22/24 MP: 6/6
   653 | D:2      | HP: 1/36 [adder (2)]
   654 | D:2      | Succumbed to an adder's poison

Illustrated notes

Levels and vault maps discovered:
D:1:      dpeg_arrival_stonehenge_8_columns, layout_rooms,
          hangedman_decor_points, minmay_pentomino_t2
D:2:      layout_basic, shapermc_ecumenical_altar_totnotflames

Action                     || total
---------------------------++-------
  Melee: Club              ||     6
         Unarmed           ||     3
         Mace              ||    41
   Cast: Summon Small Mamm ||    16
    Use: Scroll            ||     1
         Potion            ||     1
   Stab: Sleeping          ||     1
 Armour: Robe              ||    20
  Dodge: Dodged            ||    53
